 Dungeon Crawl Stone Soup version 0.20.0-15-g7f486f2 (webtiles) character file.

1741 Pikken the Poker (level 9, -1/55 HPs)
             Began as a Kobold Berserker on June 18, 2017.
             Was an Elder of Trog.
             Killed by divine providence
             ... invoked by an orc priest
              (13 damage)
             ... on level 6 of the Dungeon.
             The game lasted 00:24:02 (6091 turns).

Pikken the Poker (Kobold Berserker)                 Turns: 6091, Time: 00:24:03

Health: -1/55      AC: 15    Str: 20    XL:     9   Next: 26%
Magic:  9/9        EV: 10    Int:  9    God:    Trog [****..]
Gold:   318        SH:  0    Dex: 15    Spells: 8/8 levels left

rFire    . . .     SeeInvis .   j - +3 spear (venom)
rCold    . . .     Gourm    .   (shield restricted)
rNeg     . . .     Faith    +   l - +0 plate armour
rPois    .         Spirit   .   s - +2 helmet
rElec    .         Reflect  .   (no cloak)
rCorr    .         Harm     .   (no gloves)
MR       +....                  (no boots)
Stlth    ..........             q - amulet of faith
Regen    0.2/turn               f - +4 ring of strength
MPRegen  0.2/turn               k - ring of protection from magic

@: no status effects
A: carnivore 3
a: Berserk, Trog's Hand, Brothers in Arms, Burn Spellbooks, Renounce Religion


You were on level 6 of the Dungeon.
You worshipped Trog.
Trog was greatly pleased with you.
You were completely stuffed.

You visited 1 branch of the dungeon, and saw 6 of its levels.

You collected 318 gold pieces.

Inventory:

Hand Weapons
 a - a +0 short sword
 j - a +3 spear of venom (weapon)
Missiles
 B - 5 tomahawks of returning (quivered)
Armour
 b - a +2 scale mail of fire resistance
 l - a +0 plate armour (worn)
 p - a +2 helmet
 s - a +2 helmet (worn)
Magical Staves
 w - an uncursed staff of earth {unknown}
Jewellery
 d - an uncursed amulet of harm
 f - a +4 ring of strength (left hand)
 k - a ring of protection from magic (right hand)
 q - an amulet of faith (around neck)
 x - an uncursed ring of protection from magic
Wands
 r - a wand of lightning (9/15)
 v - a wand of polymorph (16/24)
 z - a wand of polymorph (16/24)
 C - a wand of acid (7/15)
 D - a wand of scattershot (4/9)
Scrolls
 e - 4 scrolls of fog
 g - 2 scrolls of teleportation
 h - 2 scrolls of recharging {unknown}
 i - a scroll of summoning {unknown}
 m - a scroll of magic mapping
 n - 2 scrolls of amnesia {unknown}
 o - a scroll of remove curse
 y - 3 scrolls of identify
Potions
 t - a potion of curing
 u - a potion of resistance
Comestibles
 c - 3 meat rations
 A - 4 chunks of flesh


   Skills:
 + Level 5.7 Fighting
 + Level 6.0 Short Blades
 * Level 6.5 Polearms
 + Level 4.2 Armour
 * Level 4.4 Dodging


You had 8 spell levels left.
You didn't know any spells.

Dungeon Overview and Level Annotations

Branches:
Dungeon (6/15)             Temple (0/1) D:4

Altars:


Innate Abilities, Weirdness & Mutations

You are small and have problems with some larger weapons.
You are carnivorous and can eat meat at any time.


Message History

Press: ? - help, Dir - move target cursor, f - deep elf knight, p - kobold demonologist
Aim: a deep elf knight, wielding a scimitar, wearing a leather armour and wearing a buckler (fast)
You reach to attack!
You hit the deep elf knight.
The deep elf knight is poisoned.
The deep elf knight is lightly wounded.
The kobold demonologist begins to cast a cantrip, but forgets the words!
Attack whom?
Press: ? - help, Dir - move target cursor, f/p - deep elf knight
Aim: a deep elf knight, wielding a scimitar, wearing a leather armour and wearing a buckler (fast, poisoned)
You reach to attack!
You puncture the deep elf knight!
The deep elf knight looks as sick as possible!
The deep elf knight is lightly wounded.
The deep elf knight points at you and mumbles some strange words.
The stone arrow hits you!
Ouch! That really hurt!
* * * LOW HITPOINT WARNING * * *
The kobold demonologist casts a spell.
The orc priest mumbles some strange prayers to Beogh against you.
Beogh smites you!
You die...

##.#######.........##..........##
............###..................
...##################............
...#.....................>.......
##.#.###############.#......##...
#.#.# #......o#P8#.#......##...
#.#.# #≈≈≈≈≈≈≈#.P#.#......##...
#...# #..≈≈≈..#..#..#.#.####...
#...# +..≈♣P..@..#©...#.# #...
##...# #..≈4P..#..#....#.# #...
...#.# #≈≈≈≈≈≈≈#.P#.##.#.# #.##
...#.# #..KK.oe#P8#.#..#.# #...
.#.#.###############.##.#.# ####
.#+#.................##.#.# ####
................#######.#.####...
....####........# #.#........
....####........# #.#........


You could see an orange demon, a deep elf knight, 2 kobold demonologists and 2
orc priests.

Vanquished Creatures
  The ghost of xash the Insei, an amateur OpMo (D:4)
  A black bear (D:6)
  A phantom (D:5)
  3 ogres
  A necrophage (D:6)
  The ghost of Timinator the Vexing, an amateur DsEn (D:3)
  2 scorpions
  A howler monkey (D:5)
  2 crimson imps (D:6)
  3 jellies
  An orc priest (D:5)
  A hound (D:6)
  5 orc wizards
  3 bullfrog skeletons
  An iguana (D:6)
  4 worker ants
  A hound skeleton (D:5)
  A worker ant zombie (D:5)
  4 gnolls (D:4)
  6 adders
  An ooze (D:1)
  An adder zombie (D:5)
  An adder skeleton (D:4)
  4 worms
  3 dart slugs (D:1)
  6 leopard geckos
  17 orcs
  9 bats
  4 giant cockroaches
  5 goblins
  8 hobgoblins
  10 jackals
  8 kobolds
  2 quokkas
  2 ball pythons (D:3)
  6 frilled lizards
  A giant cockroach zombie (D:5)
  A quokka zombie (D:5)
  8 rats
140 creatures vanquished.

Notes
Turn   | Place    | Note
-------+----------+-------------------------------------------
     0 | D:1      | Pikken the Kobold Berserker began the quest for the Orb.
     0 | D:1      | Reached XP level 1. HP: 14/14 MP: 1/1
   179 | D:1      | Reached XP level 2. HP: 9/19 MP: 2/2
   653 | D:1      | Reached XP level 3. HP: 19/24 MP: 3/3
   872 | D:1      | Reached ** piety under Trog
  1165 | D:2      | Reached XP level 4. HP: 29/29 MP: 4/4
  1179 | D:2      | Reached skill level 5 in Short Blades
  2070 | D:3      | Noticed Timinator's ghost (amateur DsEn)
  2078 | D:3      | Killed Timinator's ghost
  2078 | D:3      | Reached XP level 5. HP: 34/34 MP: 5/5
  2244 | D:3      | Reached skill level 1 in Polearms
  2697 | D:3      | Reached XP level 6. HP: 39/39 MP: 6/6
  2847 | D:4      | Noticed an ogre
  2878 | D:4      | Killed an ogre
  3116 | D:4      | Reached XP level 7. HP: 44/44 MP: 7/7
  3117 | D:4      | Noticed xash's ghost (amateur OpMo)
  3129 | D:4      | Killed xash's ghost
  3129 | D:4      | Reached *** piety under Trog
  3188 | D:4      | Found a staircase to the Ecumenical Temple.
  3725 | D:5      | Entered Level 5 of the Dungeon
  3788 | D:5      | Reached XP level 8. HP: 46/48 MP: 8/8
  4236 | D:5      | Reached skill level 5 in Fighting
  4236 | D:5      | Reached skill level 5 in Polearms
  4684 | D:6      | Found a transporter.
  4777 | D:6      | Reached **** piety under Trog
  4959 | D:5      | Reached XP level 9. HP: 48/54 MP: 9/9
  6016 | D:6      | Noticed a kobold demonologist
  6016 | D:6      | Noticed a kobold demonologist
  6016 | D:6      | Noticed a deep elf knight
  6018 | D:6      | Noticed a red devil
  6091 | D:6      | Noticed an orange demon
  6091 | D:6      | Killed from afar by an orc priest

Skill      XL: |  1  2  3  4  5  6  7  8  9 |
---------------+----------------------------+-----
Fighting       | 4 5 |  5.7
Short Blades   | 5 6 |  6.0
Armour         | 2 3 4 |  4.2
Dodging        | 3 4 |  4.4
Polearms       | 1 2 4 6 |  6.5

Action                   |  1- 3 |  4- 6 |  7- 9 || total
-------------------------+-------+-------+-------++-------
Melee: Short sword       |   155 |    33 |       ||   188
       Spear             |       |   119 |   332 ||   451
Throw: Tomahawk          |       |       |     8 ||     8
Invok: Berserk           |       |     3 |     4 ||     7
  Use: Potion            |     2 |     3 |     3 ||     8
       Scroll            |     3 |     6 |     2 ||    11
 Stab: Distracted        |     1 |       |       ||     1
  Eat: Chunk             |     9 |    10 |    13 ||    32
Armor: Chain mail        |     5 |       |       ||     5
       Scale mail        |    56 |    12 |       ||    68
       Plate armour      |       |    49 |   147 ||   196
Dodge: Dodged            |   121 |    54 |   103 ||   278
